 Dungeon Crawl Stone Soup version 0.27-a0-1196-g3e9cee4cb2 (webtiles) character file.

Game seed: 9505557218239348531

3211 Froggeryz the Gouger (level 9, -6/67 HPs)
             Began as a Felid Berserker on May 27, 2021.
             Was an Elder of Trog.
             Mangled by a five-headed hydra (17 damage)
             ... on level 1 of the Lair of Beasts.
             The game lasted 00:15:58 (13512 turns).

Froggeryz the Gouger (Felid Berserker)             Turns: 13512, Time: 00:15:58

Health: -6/67      AC:  2    Str: 14    XL:     9   Next: 65%
Magic:  10/10      EV: 23    Int:  9    God:    Trog [****..]
Gold:   294        SH:  0    Dex: 18    Spells: 8/8 levels left
                                        Lives:  0   Deaths: 2

rFire    . . .     SeeInvis +     - Unarmed
rCold    + . .     Faith    .   (shield unavailable)
rNeg     . . .     Spirit   .   (armour unavailable)
rPois    .         Reflect  .   (helmet unavailable)
rElec    .         Harm     .   (cloak unavailable)
rCorr    .         Rampage  .   (gloves unavailable)
Will     +....                  (boots unavailable)
Stlth    ..........             (no amulet)
HPRegen  0.21/turn              i - ring of protection from cold
MPRegen  0.12/turn              w - ring of flight

@: berserking, flying, studying Fighting, very quick
A: very small, claws 1, fangs 3, see invisible, speed 1, shaggy fur 2, stealthy
paws, no weapons or thrown items, no armour, multi-lived
a: Renounce Religion, Berserk, Trog's Hand, Brothers in Arms


You were on level 1 of the Lair of Beasts.
You worshipped Trog.
Trog was greatly pleased with you.
You visited 2 branches of the dungeon, and saw 12 of its levels.

You collected 450 gold pieces.
You spent 156 gold pieces at shops.

Inventory:

Jewellery
 i - a ring of protection from cold (left paw)
 w - a ring of flight (right paw)
Wands
 u - a wand of polymorph (12)
 y - a wand of digging (8)
Scrolls
 f - 3 scrolls of amnesia {unknown}
 h - 2 scrolls of immolation {unknown}
 j - 4 scrolls of identify
 l - 4 scrolls of teleportation
 m - a scroll of blinking {unknown}
 q - 2 scrolls of noise
 s - a scroll of fog {unknown}
 t - a scroll of brand weapon {unknown}
 x - a scroll of fear {unknown}
Potions
 a - a potion of haste {unknown}
 b - 4 potions of flight {unknown}
 c - 5 potions of lignification {unknown}
 d - 3 potions of heal wounds {unknown}
 e - 2 potions of cancellation {unknown}
 g - a potion of invisibility
 k - a potion of mutation {unknown}
 n - a potion of might {unknown}
 o - 7 potions of curing {unknown}
 p - 2 potions of ambrosia {unknown}
 r - a potion of attraction {unknown}
 v - a potion of degeneration {unknown}
 z - a potion of berserk rage {unknown}


   Skills:
 + Level 9.3 Fighting
 - Level 9.0 Dodging
 - Level 8.3 Stealth
 * Level 12.7 Unarmed Combat
 - Level 5.1 Evocations


You had 8 spell levels left.
You didn't know any spells.
Your spell library was empty.

Dungeon Overview and Level Annotations

Branches:
Dungeon (11/15)            Temple (0/1) D:5            Lair (1/6) D:10
    Orc (0/2) D:9

Altars:
Dithmenos
Fedhas
Gozag
Nemelex Xobeh
Uskayaw
Wu Jian
Xom
The Shining One

Shops:
D:7 *

Annotations:
D:5 1 exclusion
D:9 2 transporters
D:11 exclusion: cyclops


Innate Abilities, Weirdness & Mutations

You have sharp claws.
You have razor-sharp teeth.
You have supernaturally acute eyesight. (SInv)
You cover ground quickly. (Speed+)
You are covered in thick fur. (AC +2)
Your paws help you pounce on unaware monsters.
You are incapable of wielding weapons or throwing items.
You cannot wear armour.
You gain extra lives every three experience levels.


Message History

You are now level 9!
You rejoin the land of the living...
Unknown command.
Found a plate armour.
A five-headed hydra comes into view.
The five-headed hydra roars!
A five-headed hydra is nearby!
Okay, then.
A red film seems to cover your vision as you go berserk!
You feel yourself moving faster!
You feel mighty!
You mangle the five-headed hydra!!
The five-headed hydra is moderately wounded.
The five-headed hydra misses you. The five-headed hydra bites you!
The five-headed hydra bites you. The five-headed hydra bites you!
The five-headed hydra bites you.
You scratch the five-headed hydra. You bite the five-headed hydra.
The five-headed hydra is heavily wounded.
You barely miss the five-headed hydra.
The five-headed hydra is heavily wounded.
The five-headed hydra bites you! x2
The five-headed hydra barely misses you.
The five-headed hydra completely misses you.
The five-headed hydra bites you!
* * * LOW HITPOINT WARNING * * *
You scratch the five-headed hydra. Your claw misses the five-headed hydra.
The five-headed hydra is heavily wounded.
You scratch the five-headed hydra.
The five-headed hydra is heavily wounded.
The five-headed hydra completely misses you. x2
The five-headed hydra barely misses you.
The five-headed hydra closely misses you.
The five-headed hydra bites you.
* * * LOW HITPOINT WARNING * * *
You claw the five-headed hydra!
The five-headed hydra is severely wounded.
You claw the five-headed hydra!
The five-headed hydra is almost dead.
The five-headed hydra completely misses you.
The five-headed hydra bites you!
You die...

#..... ##
#....###.#
#........ #.......
##...... #......
#...D# #...@#
#....# #....#
##....# #.....##
##.....#######
#.....##.#..######
#.................
#.................


You could see a five-headed hydra.

Vanquished Creatures
  3 boulder beetles (D:9)
  A two-headed ogre (D:9)
  Nergalle (D:10)
  Sonja (D:10)
  Joseph (D:8)
  Maggie (D:7)
  A gargoyle (D:10)
  A komodo dragon (D:10)
  A human (D:9)
  9 yaks
  4 steam dragons
  A warg (D:9)
  2 ice beasts
  2 orc warriors (D:8)
  2 black bears
  A hornet zombie (D:7)
  3 ogres
  A sky beast (D:6)
  2 necrophages (D:4)
  4 centaurs
  A kobold brigand (D:7)
  2 bullfrogs
  A scorpion (D:4)
  A wyvern skeleton (D:6)
  4 killer bees (D:7)
  3 wights (D:4)
  A howler monkey (D:8)
  2 bullfrog zombies (D:6)
  Crazy Yiuf (D:3)
  2 centaur zombies
  2 centaur skeletons
  2 jellies
  2 bullfrog skeletons
  5 orc priests
  A gnoll shaman (D:9)
  5 hounds
  2 iguanas (D:6)
  6 orc wizards
  3 killer bee zombies
  A howler monkey zombie (D:9)
  3 gnolls (D:10)
  2 adders
  2 howler monkey skeletons
  2 white imps
  3 ufetubi
  An adder zombie (D:5)
  An adder skeleton (D:4)
  2 worms
  A dart slug (D:1)
  28 orcs
  5 endoplasms
  2 giant cockroaches (D:1)
  6 goblins
  6 hobgoblins
  5 jackals (D:1)
  10 kobolds
  2 quokkas
  6 ball pythons
  5 bats
  4 frilled lizards
  3 rats
188 creatures vanquished.

Vanquished Creatures (others)
  A goblin (D:9)
  3 plants
4 creatures vanquished.

Grand Total: 192 creatures vanquished

Notes
Turn   | Place    | Note
-------+----------+-------------------------------------------
     0 | D:1      | Froggeryz the Felid Berserker began the quest for the Orb.
     0 | D:1      | Reached XP level 1. HP: 10/10 MP: 2/2
    74 | D:1      | Reached XP level 2. HP: 6/14 MP: 3/3
   939 | D:1      | Reached XP level 3. HP: 11/17 MP: 4/4
  1390 | D:2      | Reached ** piety under Trog
  1855 | D:3      | Reached skill level 5 in Dodging
  1855 | D:3      | Reached XP level 4. HP: 17/22 MP: 5/5
  2625 | D:3      | Found a runed translucent door.
  2626 | D:3      | Noticed Crazy Yiuf
  2870 | D:3      | Killed Crazy Yiuf
  2871 | D:3      | Reached skill level 4 in Unarmed Combat
  3092 | D:4      | Noticed a necrophage
  3101 | D:4      | Killed a necrophage
  3102 | D:4      | Reached XP level 5. HP: 25/25 MP: 6/6
  3612 | D:4      | Gained mutation: You are covered in thick fur. (AC +2)
                  | [Felid growth]
  3612 | D:4      | Reached XP level 6. HP: 24/29 MP: 7/7
  4170 | D:4      | Reached skill level 5 in Fighting
  4170 | D:4      | Reached skill level 5 in Unarmed Combat
  4456 | D:4      | Reached XP level 7. HP: 28/33 MP: 8/8
  4591 | D:4      | Reached *** piety under Trog
  4948 | D:5      | Entered Level 5 of the Dungeon
  5097 | D:5      | Noticed a steam dragon
  5108 | D:5      | Killed a steam dragon
  5220 | D:5      | Found a staircase to the Ecumenical Temple.
  5255 | D:5      | Reached skill level 6 in Unarmed Combat
  5595 | D:5      | Reached XP level 8. HP: 28/38 MP: 9/9
  6053 | D:5      | Found a glowing golden altar of the Shining One.
  6691 | D:6      | Reached skill level 1 in Stealth
  6719 | D:6      | Found a shadowy altar of Dithmenos.
  6752 | D:6      | Reached skill level 7 in Unarmed Combat
  6908 | D:6      | Found an opulent altar of Gozag.
  7590 | D:7      | Noticed Maggie
  7630 | D:7      | Killed Maggie
  7631 | D:7      | Reached XP level 9. HP: 43/43 MP: 10/10
  8124 | D:7      | Reached skill level 5 in Stealth
  8546 | D:7      | Reached skill level 8 in Unarmed Combat
  8588 | D:7      | Found Ofuoduj's Assorted Antiques.
  8589 | D:7      | Found an ornate altar of the Wu Jian Council.
  8596 | D:7      | Bought a purple potion for 21 gold pieces
  8596 | D:7      | Bought a fuming ruby potion for 21 gold pieces
  8596 | D:7      | Bought a fuming ruby potion for 21 gold pieces
  8596 | D:7      | Bought a murky white potion for 21 gold pieces
  8596 | D:7      | Bought a scroll of teleportation for 72 gold pieces
  8996 | D:8      | Noticed Joseph
  9006 | D:8      | Killed Joseph
  9007 | D:8      | Reached skill level 9 in Unarmed Combat
  9296 | D:8      | Reached **** piety under Trog
  9373 | D:8      | Found a large runed translucent door.
  9373 | D:8      | Found a large runed translucent door.
  9518 | D:8      | Found a blossoming altar of Fedhas.
  9739 | D:8      | Found a hide-covered altar of Uskayaw.
  9889 | D:8      | Found a shimmering altar of Xom.
  9897 | D:8      | Found a sparkling altar of Nemelex Xobeh.
  9975 | D:9      | Identified a scroll of acquirement
  9976 | D:9      | Acquired a manual of Fighting
 10004 | D:9      | Noticed a boulder beetle
 10004 | D:9      | Noticed a boulder beetle
 10005 | D:9      | Noticed a skeletal warrior
 10017 | D:9      | Noticed a boulder beetle
 10065 | D:9      | Killed a boulder beetle
 10066 | D:9      | Reached skill level 10 in Unarmed Combat
 10066 | D:9      | Reached XP level 10. HP: 27/48 MP: 11/11
 10252 | D:9      | Killed a boulder beetle
 10432 | D:9      | Found a transporter.
 10434 | D:9      | Noticed a fire crab
 10436 | D:9      | Noticed a deep elf knight
 10544 | D:9      | Noticed a fire crab
 10858 | D:9      | Found a staircase to the Orcish Mines.
 10975 | D:9      | Noticed a two-headed ogre
 10982 | D:9      | Killed a two-headed ogre
 10983 | D:9      | Reached skill level 11 in Unarmed Combat
 11503 | D:9      | Killed a boulder beetle
 11504 | D:9      | Reached skill level 5 in Evocations
 11704 | D:9      | Found a transporter.
 11799 | D:10     | Entered Level 10 of the Dungeon
 11810 | D:9      | Reached XP level 11. HP: 16/51 MP: 12/12
 11813 | D:9      | Slain by a gnoll shaman
 11814 | D:9      | Reached XP level 10. HP: 0/48 MP: 11/11
 11900 | D:10     | Reached skill level 12 in Unarmed Combat
 12117 | D:10     | Noticed Sonja
 12129 | D:10     | Killed Sonja
 12361 | D:10     | Noticed Nergalle
 12364 | D:10     | Noticed a spectral orc warlord
 12437 | D:10     | Noticed a spectral orc warlord
 12544 | D:10     | Killed Nergalle
 12640 | D:10     | Noticed a gargoyle
 12651 | D:10     | Killed a gargoyle
 12871 | D:10     | Found a staircase to the Lair.
 13091 | D:11     | Noticed a two-headed ogre
 13092 | D:11     | Noticed a cyclops
 13110 | Lair:1   | Entered Level 1 of the Lair of Beasts
 13491 | Lair:1   | Mangled by a wyvern
 13492 | Lair:1   | Reached XP level 9. HP: -6/45 MP: 10/10
 13503 | Lair:1   | Noticed a five-headed hydra
 13512 | Lair:1   | Mangled by a five-headed hydra

Illustrated notes

Levels and vault maps discovered:
D:1:      heliophobic_arrival_enchanted_forest, layout_basic, serial_glass,
          glass_columns_a, glass_columns_c, st_stairs_9
D:2:      layout_loops_ring
D:3:      layout_basic, st_stairs_14, minmay_tree_intersection,
          uniq_crazy_yiuf_cottage
D:4:      layout_basic
D:5:      layout_loops_ring, kennysheep_okawaru_gauntlet, tso_altar,
          minmay_temple_entry_sparse_star
D:6:      layout_basic, old_standard_altar,
          nicolae_gozag_cash_rules_everything_around_me,
          chequers_serial_rivers_micro_e
D:7:      layout_basic, nicolae_overflow_hidden_temple, serial_shops, shop,
          minmay_misc_feat_doors, uniq_maggie
D:8:      layout_basic, lemuel_doored_altar, overflow_temple_1_default,
          jmf_multi_god_temple2, uniq_joseph
D:9:      gammafunk_wand_slinger, layout_long_grid, erik_orc_4, minmay_radiant
D:10:     layout_rooms, david_lair_shrubbed, grunt_ministairs_7, uniq_sonja,
          uniq_nergalle
D:11:     layout_roguey, uniq_erolcha
Lair:1:   layout_long_grid, grunt_megastairs_5, uniq_grum

Skill      XL: |  1  2  3  4  5  6  7  8  9 10 |
---------------+-------------------------------+-----
Dodging        | 5 6 7 8 9 |  9.0
Unarmed Combat | 4 5 6 7 10 12 | 12.7
Fighting       | 4 5 6 7 8 9 |  9.3
Stealth        | 4 8 |  8.3
Evocations     | 5 |  5.1

Action                   |  1- 3 |  4- 6 |  7- 9 | 10-12 || total
-------------------------+-------+-------+-------+-------++-------
Melee: Unarmed           |    80 |   107 |   316 |   161 ||   664
       Bite              |     7 |    11 |    43 |    21 ||    82
       Punch             |     2 |     1 |    14 |    12 ||    29
Invok: Berserk           |     1 |     6 |    15 |     6 ||    28
       Trog's Hand       |       |       |     2 |       ||     2
Evoke: Wand              |       |       |     2 |     5 ||     7
  Use: Scroll            |       |       |     6 |       ||     6
 Stab: Sleeping          |     1 |     1 |     7 |     2 ||    11
       Paralysed         |       |       |     3 |     2 ||     5
       Distracted        |       |       |       |     1 ||     1
Armor: Skin              |     3 |     6 |    13 |     6 ||    28
Dodge: Dodged            |    65 |    78 |   291 |   152 ||   586

Table legend: (Time is in decaauts)
 A = Elapsed time spent in this place.
 B = Non-inter-level travel time spent in this place.
 C = Inter-level travel time spent in this place.
 D = Time resting spent in this place.
 E = Time spent auto-exploring this place.
 F = Levels seen in this place.
 G = Mean time per level.
                   A        B        C        D        E       F      G
               +--------+--------+--------+--------+--------+-----+--------+
         Total |  12410 |  12098 |    312 |   4394 |   5877 |  12 | 1034.2 |
       Dungeon |  12244 |  11932 |    312 |   4394 |   5769 |  11 | 1113.1 |
          Lair |    166 |    166 |      0 |      0 |    107 |   1 |  166.0 |
               +--------+--------+--------+--------+--------+-----+--------+

Top non-repeatable levels by time:
     D:8: 1659 daAuts
     D:4: 1647 daAuts
     D:7: 1565 daAuts
     D:3: 1467 daAuts
     D:9: 1221 daAuts
    D:10: 1169 daAuts
     D:6: 1009 daAuts
     D:1: 997 daAuts
     D:5: 889 daAuts
     D:2: 583 daAuts
  Lair:1: 166 daAuts
    D:11: 34 daAuts
